[Event "*** Titled Tuesday Blitz"]
[Site "Chess.com"]
[Date "2020.05.26"]
[Round "9"]
[White "Oleksandr_Bortnyk"]
[Black "Revnov"]
[Result "1-0"]
[WhiteElo "2975"]
[BlackElo "2720"]
[TimeControl "180+1"]
[EndTime "11:53:40 PDT"]
[Termination "Oleksandr_Bortnyk won by resignation"]

1. e4 e5 2. Bc4 d6 3. Nc3 Be6 4. Bxe6 fxe6 5. d3 Nc6 6. f4 Nf6 7. Nf3 Qd7 8. fxe5 dxe5 9. O-O Bc5+ 10. Kh1 O-O 11. Qe1 Bd6 12. Be3 h6 13. Qh4 Rf7 14. Ne2 Raf8 15. a3 Ne7 16. Qg3 Nh5 17. Qg4 Nf6 18.
Qg3 Nh5 19. Qh3 Nf6 20. g4 Nh7 21. g5 hxg5 22. Nxg5 Nxg5 23. Bxg5 Rxf1+ 24. Rxf1 Rxf1+ 25. Qxf1 Ng6 26. Qh3 a6 27. Kg2 Qf7 28. Qg4 Bc5 29.
Qf3 Qxf3+ 30. Kxf3 Kf7 31. Kg4 Nf8 32. h4 g6 33. b4 Bd6 34. Ng1 c5 35. Bd2 Nd7 36. Nf3 Nf6+ 37. Kg3 Nh5+ 38. Kf2 Nf6 39. Bc3 Nd7 40.
Ke2 cxb4 41. axb4 b6 42. Bd2 Ke7 43. c4 Nb8 44. b5 a5 45. Bc3 Nd7 46. Kd1 Kf6 47.
Kc2 Nc5 48. Bd2 Nd7 49. Bg5+ Kf7 50. Be3 Kf6 51. Kb3 Bc5 52. Bg5+ Kf7 53. Bd2 Bd6 54. Kc2 Bc5 55. Bc3 Bd6 56. Bb2 Kf6 57. Bc1 Kf7 58. Bh6 Kf6 59. Kb2 Kf7 60. Bg5 Nc5 61. Kc3 Na4+ 62.
Kc2 Nc5 63. Bd8 Nd7 64. Ng5+ Ke8 65. Nxe6 Nc5 66. Nxc5 Bxc5 67. Bg5 Kd7 68. Kb3 Ke6 69. Ka4 Kd6 70. Bd8 Kd7 71. Bg5 Ke6 72. Kb3 Kd7 73.
Bd2 Ke6 74. Be1 Kd6 75. Bg3 Ke6 76. Ka4 Kd6 77. Be1 Ke6 78. Bd2 Kd6 79. Bg5 Ke6 80. Bh6 Kd6 81. Bf8+ 1-0

[Event "*** Titled Tuesday Blitz"]
[Site "Chess.com"]
[Date "2020.05.26"]
[Round "9"]
[White "2L8IWUN"]
[Black "Sippp"]
[Result "1-0"]
[WhiteElo "2561"]
[BlackElo "2661"]
[TimeControl "180+1"]
[EndTime "11:53:40 PDT"]
[Termination "2L8IWUN won by resignation"]

1. d4 Nf6 2. Nf3 g6 3. g3 Bg7 4.
Bg2 O-O 5. O-O d6 6. b3 e5 7. dxe5 Nfd7 8. Bb2 Nc6 9. c4 dxe5 10. Nc3 f5 11. Nd5 e4 12. Nd4 Nxd4 13. Bxd4 Ne5 14. Bc3 c6 15. Nf4 Qe7 16. Qc2 Be6 17.
Nxe6 Qxe6 18. Rad1 Rad8 19. f3 exf3 20. exf3 f4 21. gxf4 Nd7 22. Rfe1 Qf7 23. Bxg7 Kxg7 24. Qc3+ Kh6 25. Rd4 Nc5 26. Qd2 Rxd4 27. Qxd4 Ne6 28. Qxa7 Nxf4 29. Qe3 Qf6 30. Qe7 b6 31. Qxf6 Rxf6 32.
Re7 c5 33. Bf1 Ne6 34. Kf2 Nd4 35. Be2 Kg5 36. Rxh7 Re6 37. Bd3 Rd6 38. Be4 Ne6 39.
h4+ Kf6 40. Kg3 Rd2 41. Rh8 Ke5 42. Bxg6 Nd4 43. h5 Ne2+ 44. Kg4 Kf6 45. Rf8+ Ke7 46.
Rf7+ Ke6 47. h6 Ng1 48. h7 Rg2+ 49. Kh5 Rh2+ 50. Kg5 Nh3+ 51. Kg4 Ng1 52. Kg3 Rh6 53. Rf8 Rxg6+ 54. Kf2 Nh3+ 55. Ke3 Rh6 56. h8=Q Rxh8 57. Rxh8 Ng5 58. Rh6+ Kd7 59. Rxb6 Kc7 60. Rb5 Ne6 61. f4 Kc6 62. a4 Nd4 63. a5 Nc2+ 64. Ke4 Nd4 65.
f5 Nxb5 66. cxb5+ Kxb5 67. f6 Kxa5 68. f7 Kb4 69. f8=Q 1-0

[Event "*** Titled Tuesday Blitz"]
[Site "Chess.com"]
[Date "2020.05.26"]
[Round "9"]
[White "Kate1606"]
[Black "Morshynska"]
[Result "1/2-1/2"]
[WhiteElo "1556"]
[BlackElo "2167"]
[TimeControl "180+1"]
[EndTime "11:53:47 PDT"]
[Termination "Game drawn - insufficient material"]

1. e4 Nc6 2. d4 d6 3. d5 Nb8 4. f4 g6 5. Nf3 Bg7 6. Be2 c6 7. c4 Nd7 8. O-O Qb6+ 9. Kh1 Bxb2 10. Bxb2 Qxb2 11. Nbd2 Qb6 12. Qc2 Ngf6 13. Qc3 O-O 14. h3 Nh5 15. Nd4 Ng3+ 16. Qxg3 Qxd4 17. Rad1 Qg7 18.
Nb3 c5 19. Bd3 Nf6 20. e5 Nh5 21. Qe3 f5 22. exd6 exd6 23. Rde1 Bd7 24. Kh2 Rae8 25. Qf3 Qc3 26. Rxe8 Rxe8 27. Rc1 Qb2 28. Rc2 Qf6 29. g4 fxg4 30. hxg4 Qxf4+ 31. Qxf4 Nxf4 32. Bf1 Bxg4 33. Kg3 Bf5 34. Rf2 Nh5+ 35. Kh4 Nf6 36. Kg5 Kg7 37.
Bg2 Re3 38. Na5 Re7 39. Rb2 b6 40. Nc6 Rf7 41. a4 h6+ 42. Kf4 Nd7 43. a5 bxa5 44. Kg3 Ne5 45. Nxa5 Nd3 46. Rb3 g5 47. Rb7 Ne5 48.
Rxf7+ Kxf7 49. Nb7 Nd7 50. Nxd6+ Kf6 51. Nb7 Ke5 52.
d6 Be4 53. Bxe4 Kxe4 54. Kg4 Ke5 55. Kh5 Kd4 56. Kxh6 g4 57. Kg5 g3 58. Nxc5 g2 59.
Nxd7 g1=Q+ 60. Kf6 Kxc4 61. Ke7 Qf1 62. Ne5+ Kd5 63.
d7 Qe1 64. d8=Q+ Kc5 65. Qd6+ Kb5 66. Qd7+ Kb4 67. Qd6+ Kb3 68. Qd5+ Kb2 69. Qd4+ Kb1 70. Kd6 Qc1 71. Qb4+ Qb2 72. Qxb2+ Kxb2 73. Kc5 a5 74. Kb5 a4 75. Kxa4 1/2-1/2

[Event "*** Titled Tuesday Blitz"]
[Site "Chess.com"]
[Date "2020.05.26"]
[Round "9"]
[White "avantage_ru"]
[Black "Andreikka"]
[Result "1/2-1/2"]
[WhiteElo "2730"]
[BlackElo "2919"]
[TimeControl "180+1"]
[EndTime "11:53:48 PDT"]
[Termination "Game drawn - insufficient material"]

1. b3 d5 2. Bb2 Bg4 3. h3 Bh5 4. g4 Bg6 5. Bg2 e6 6. Nf3 Nd7 7. O-O h5 8. g5 Ne7 9. d3 Nf5 10. Nbd2 Nd6 11. c4 c6 12. h4 f6 13. Re1 e5 14.
cxd5 cxd5 15. b4 Be7 16. Qb3 Bf7 17. Bh3 Nb6 18. a4 d4 19. Be6 Bxe6 20. Qxe6 Qd7 21. Qxd7+ Kxd7 22. e3 dxe3 23. fxe3 Nd5 24. b5 Nb4 25.
Red1 Nc2 26. Rac1 Nxe3 27. Re1 Nef5 28. d4 exd4 29. Nxd4 Nxd4 30. Bxd4 fxg5 31. Nf3 Rhc8 32. Ne5+ Kd8 33. Rcd1 gxh4 34. Ng6 Rc7 35. Be5 Rd7 36. Nxe7 Kxe7 37. Bxd6+ Kf7 38. Rd2 Rad8 39. Rf2+ Kg8 40. Bf4 Rd4 41. Bg5 R8d5 42. Rf4 Rxf4 43. Bxf4 Rd4 44.
Bb8 Rxa4 45. Re7 b6 46. Be5 Rb4 47. Rxg7+ Kf8 48. Rxa7 Rxb5 49. Bd6+ Kg8 50. Kg2 Rb3 51. Be7 h3+ 52. Kh2 Kf7 53. Bh4+ Ke6 54. Bg3 b5 55.
Kxh3 b4 56. Kh4 Rd3 57. Rb7 b3 58. Bf4 Kf5 59. Rb4 Rc3 60. Bg5 Rd3 61. Rb5+ Ke4 62. Kxh5 Kd4 63. Kg4 Kc3 64. Bf6+ Kc2 65. Kf4 Rd1 66. Be5 Rf1+ 67. Ke4 Re1+ 68. Kd5 Rd1+ 69. Bd4 Rd3 70. Rb8 Rh3 71. Kc4 Rh4 72. Rg8 Rxd4+ 73.
Kxd4 b2 74. Rc8+ Kd2 75. Rb8 Kc2 76. Rxb2+ Kxb2 1/2-1/2

[Event "*** Titled Tuesday Blitz"]
[Site "Chess.com"]
[Date "2020.05.26"]
[Round "9"]
[White "AlanZhang"]
[Black "Djager97"]
[Result "1-0"]
[WhiteElo "2251"]
[BlackElo "2364"]
[TimeControl "180+1"]
[EndTime "11:53:49 PDT"]
[Termination "AlanZhang won by resignation"]

1. e4 e5 2. Nf3 Nc6 3. Bb5 a6 4.
Ba4 Nf6 5. O-O b5 6. Bb3 Be7 7. Re1 d6 8. c3 O-O 9. h3 Nb8 10. d4 Nbd7 11. Nbd2 Bb7 12. Bc2 Re8 13. Nf1 Bf8 14. Ng3 g6 15. b3 a5 16. d5 c6 17. c4 Nc5 18. Be3 bxc4 19. bxc4 Ba6 20. Bxc5 dxc5 21. Ba4 Rb8 22. Bxc6 Re7 23. Qc2 Rb4 24.
Nd2 Bh6 25. Ngf1 Ne8 26. a3 Rb8 27. Nb3 Qb6 28. Rab1 Nd6 29. Nxc5 Qxc5 30. Rxb8+ Kg7 31. Ne3 Bxe3 32. Rxe3 Nxc4 33. Rc3 Qd4 34. Bb5 Bxb5 35. Rxb5 Nd6 36. Rb8 Nxe4 37. Rcc8 Qxd5 38. Rd8 Nd6 39. Rb6 Re6 40. Qc7 Qd1+ 41. Kh2 Qd4 42. Rbxd6 Qxf2 43. Rxe6 Qf4+ 44. Kg1 Qe3+ 45. Kf1 Qf4+ 46. Ke1 Qe4+ 47.
Kd1 Qf4 48. Kc2 Qf5+ 49. Kb3 Qxe6+ 50. Ka4 Qa2 51. Kxa5 Qxa3+ 52. Kb6 Qb4+ 53. Ka7 Qa4+ 54. Kb8 Qb5+ 55. Qb7 Qc5 56. Qc7 Qb5+ 57. Qb7 Qc5 58. Rd7 Qc4 59. Qc7 Qb5+ 60. Kc8 Qa6+ 61. Qb7 Qc4+ 62. Rc7 Qe6+ 63. Kb8 Qa2 64. Qb5 Qe6 65. Rc6 Qe8+ 66. Kb7 Qd7+ 67. Kb6 Qd4+ 68. Ka6 Qa1+ 69. Kb7 Qd4 70. Rc5 Qe4+ 71. Qc6 Qd4 72. Qd5 Qb4+ 73. Rb5 Qc3 74. Qxe5+ 1-0

[Event "*** Titled Tuesday Blitz"]
[Site "Chess.com"]
[Date "2020.05.26"]
[Round "9"]
[White "Titus369"]
[Black "Roza_Idrisova"]
[Result "0-1"]
[WhiteElo "2585"]
[BlackElo "2176"]
[TimeControl "180+1"]
[EndTime "11:53:49 PDT"]
[Termination "Roza_Idrisova won by checkmate"]

1. e4 c6 2. d4 d5 3. Nd2 Nh6 4. h3 g6 5. Ngf3 Bg7 6. c3 f6 7. Qb3 Nf7 8. exd5 cxd5 9. Bb5+ Nc6 10. O-O O-O 11. Re1 a6 12. Bd3 Re8 13. Nf1 b5 14. a4 Na5 15. Qd1 Bd7 16. Ne3 Bc6 17. axb5 axb5 18. Qe2 Nc4 19. Rxa8 Qxa8 20. b3 Ncd6 21.
Nc2 e5 22. dxe5 fxe5 23. Nb4 e4 24. Nd4 exd3 25. Qd1 Bxd4 26. cxd4 Rxe1+ 27. Qxe1 Ne4 28. Nxd3 Bd7 29. f3 Ned6 30. Nc5 Qe8 31. Qf2 Nf5 32. g4 N5d6 33. Bf4 Qe7 34. Kg2 g5 35. Bd2 Ne8 36. Nd3 h6 37. Bb4 Qf6 38. Nc5 Bc8 39. Qd2 Ned6 40. Qe3 Kf8 41. Nd3 Bd7 42. Ne5 Qe6 43.
Qc3 Kg7 44. Qc7 Nxe5 45. dxe5 Nf7 46. Bd2 Nxe5 47. Bc3 Kf6 48. Qd8+ Kf7 49. Qh8 Ng6 50.
Qg7+ Ke8 51. Bf6 Bc6 52. Qh7 Nf8 53. Qxh6 Qe2+ 54. Kg3 Qe6 55. Qh5+ Qf7 56. Qxg5 Bd7 57.
Qe5+ Qe6 58. Qb8+ Kf7 59. Be5 Be8 60. f4 Ng6 61. Qc7+ Qe7 62. h4 Nxe5 63. Qxe5 Qxe5 64. fxe5 Ke6 65. Kf4 d4 66. Ke4 d3 67. Kxd3 Kxe5 68.
b4 Kf4 69. g5 Kg4 70. Ke4 Kxh4 71. Kf5 Kh5 72. Kf6 Bg6 73. Ke5 Kxg5 74. Kd5 Bd3 75. Kc5 Bc4 76. Kd4 Kf4 77. Kc5 Ke4 78. Kb6 Kd3 79.
Kc5 Kc3 80. Kb6 Kb3 81. Ka5 Ka3 82. Ka6 Kxb4 83. Kb6 Kc3 84. Ka5 b4 85. Ka4 b3 86.
Ka3 b2 87. Ka4 b1=Q 88. Ka5 Qb4# 0-1

[Event "*** Titled Tuesday Blitz"]
[Site "Chess.com"]
[Date "2020.05.26"]
[Round "9"]
[White "BabyFacedAssasin"]
[Black "Mikasinski"]
[Result "0-1"]
[WhiteElo "2252"]
[BlackElo "2395"]
[TimeControl "180+1"]
[EndTime "11:53:52 PDT"]
[Termination "Mikasinski won by resignation"]

1. e4 c5 2. Nf3 d6 3. d4 cxd4 4.
Nxd4 Nf6 5. Nc3 g6 6. Be3 Bg7 7. f3 O-O 8. Qd2 Nc6 9. O-O-O Bd7 10. h4 Qa5 11. Kb1 Rfc8 12. Nce2 Qxd2 13. Rxd2 Ne5 14. b3 h5 15. c4 a5 16. Nc3 a4 17. Be2 axb3 18. axb3 Ra3 19. Kb2 Rca8 20. Nc2 R3a5 21. Bb6 R5a6 22. Bd4 Be6 23. c5 Rc6 24. Bxe5 dxe5 25.
b4 Bh6 26. Rdd1 Rcc8 27. Ra1 Rxa1 28. Rxa1 Rd8 29. Rd1 Rxd1 30. Nxd1 Bf4 31. b5 Kf8 32. b6 Nd7 33. c6 bxc6 34. b7 Ke8 35. Nb4 Kd8 36.
Na6 Bg3 37. b8=Q+ Nxb8 38. Nxb8 Kc7 39. Na6+ Kb6 40. Nc3 Bxh4 41. Nb4 Bf2 42. Bd1 Bd4 43. Nc2 Bf2 44. Be2 f5 45. Na3 Bd4 46. Kc2 Kc5 47.
Nab1 f4 48. Nd2 g5 49. Ncb1 g4 50. Nb3+ Kd6 51. Nxd4 exd4 52. Nd2 g3 53. Nc4+ Bxc4 54. Bxc4 Kc5 55. Bf1 e5 56. Kd3 Kb4 57. Kc2 c5 58.
Ba6 h4 59. Bc8 c4 60. Bd7 d3+ 61. Kd2 Kc5 62. Be6 Kd4 63. Bd7 c3+ 64. Kd1 Ke3 65. Ba4 Kf2 66. Bb5 Kxg2 67. Bxd3 h3 68. Kc2 h2 69.
Kxc3 h1=Q 70. Kc4 Qf1 71. Bxf1+ Kxf1 72. Kd5 g2 73. Kxe5 g1=Q 74. Kxf4 Ke2 75. e5 Qe3+ 76. Kf5 Kxf3 77. Ke6 Qe4 78. Kd6 Kf4 79. e6 Kf5 80. e7 Kf6 81. Kd7 Qxe7+ 82. Kc6 Ke5 83. Kb5 Qc7 84. Kb4 Kd4 85. Kb3 Kd3 86. Kb2 Qb6+ 0-1

[Event "*** Titled Tuesday Blitz"]
[Site "Chess.com"]
[Date "2020.05.26"]
[Round "9"]
[White "northridgehawk"]
[Black "enriquetejedor"]
[Result "0-1"]
[WhiteElo "2207"]
[BlackElo "2449"]
[TimeControl "180+1"]
[EndTime "11:54:06 PDT"]
[Termination "enriquetejedor won on time"]

1. e4 c5 2. Nf3 d6 3. d4 cxd4 4. Nxd4 Nf6 5. Nc3 a6 6. h3 b5 7. g4 Bb7 8. Bg2 e6 9. O-O h6 10. Be3 b4 11. Na4 Bxe4 12. Re1 Bxg2 13. Kxg2 Be7 14. Qf3 d5 15. Rad1 O-O 16. g5 hxg5 17.
Bxg5 Ne4 18. Bxe7 Qxe7 19. Qg4 Nd7 20. Nc6 Qf6 21. Rxe4 dxe4 22. Rxd7 Qf3+ 23. Qxf3 exf3+ 24. Kxf3 Kh7 25. Nxb4 a5 26. Nd3 Rad8 27. Ra7 Ra8 28. Re7 Rae8 29. Rxe8 Rxe8 30. c4 e5 31. Ke3 f5 32. c5 g5 33. c6 e4 34. Ndc5 f4+ 35. Ke2 e3 36. fxe3 Rc8 37. exf4 gxf4 38. Kf3 Rxc6 39. Kxf4 Rh6 40. Ke4 Rxh3 41. Kd5 Kg7 42. Kc6 Kf7 43. Kb5 Ke7 44. Kxa5 Kd6 45. Kb5 Kc7 46.
b4 Rh2 47. Nc3 Rc2 48. Nd5+ Kb8 49. a4 Rd2 50. Nb6 Rd6 51. a5 Rh6 52. a6 Ka7 53. Nc8+ Kb8 54. Ne7 Ka7 55. Nc6+ Ka8 56. Na4 Rh5+ 57. Kc4 Rc5+ 58. Kb3 Rxc6 59. b5 Rg6 60.
Kb4 Ka7 61. Ka5 Rg5 62. Nb2 Rh5 63. Nd3 Rg5 64. Nb4 Rh5 65. Nc6+ Ka8 66. Nd8 Rh8 67. Ne6 Rh6 68. Nc7+ Ka7 69. Nd5 Rh5 70. Nb4 Rg5 71. Ka4 Kb6 72. Nc6 Rxb5 73. a7 Kxc6 74. a8=Q+ Rb7 75.
Ka5 Kc7 76. Qh8 Kc6 77. Qf6+ Kc7 78. Qe6 Rb8 79. Qe5+ Kc8 80. Ka6 Ra8+ 81. Kb6 Ra2 0-1

[Event "*** Titled Tuesday Blitz"]
[Site "Chess.com"]
[Date "2020.05.26"]
[Round "9"]
[White "Alexander_Donchenko"]
[Black "Keks2017"]
[Result "1-0"]
[WhiteElo "2696"]
[BlackElo "2550"]
[TimeControl "180+1"]
[EndTime "11:54:10 PDT"]
[Termination "Alexander_Donchenko won by resignation"]

1. e4 d6 2. d4 Nf6 3. Nc3 g6 4. Nf3 Bg7 5. Be2 O-O 6. O-O c6 7. a4 Qc7 8. h3 Nbd7 9. Be3 b6 10. Qd2 Rb8 11. Bh6 a6 12. Bxg7 Kxg7 13. Rfe1 e5 14. Rad1 b5 15. axb5 axb5 16. b4 Re8 17. Bf1 h6 18. d5 cxd5 19. Nxb5 Rxb5 20. Bxb5 dxe4 21. Nh2 d5 22. Ng4 Nxg4 23. hxg4 Bb7 24. Bxd7 Qxd7 25. Rxe4 Qe6 26. Re3 Qxg4 27. Rg3 Qe6 28. b5 Rc8 29.
Rb1 d4 30. c3 Rd8 31. cxd4 Rxd4 32. Qc3 h5 33. Re1 Qd5 34. Qc7 h4 35. Rg5 Qxb5 36. Rgxe5 Qc6 37. Qxc6 Bxc6 38. Rc5 Bd5 39. Re2 Kf6 40.
Kh2 Be6 41. Rce5 Rf4 42. R5e4 Rf5 43. Rxh4 Ra5 44. Rf4+ Kg7 45. f3 Rb5 46. Kg3 Ra5 47. Rfe4 Rb5 48. Re5 Rb4 49. Rc5 Ra4 50. Rc7 Kf6 51.
Kf2 Rb4 52. g4 g5 53. Re3 Rb2+ 54. Kg3 Rb4 55. Rc5 Ra4 56. Ree5 Ra1 57. Rxg5 Rg1+ 58. Kf2 Ra1 59. Rh5 Kg6 60. Rhe5 Ra2+ 61. Kg3 Ra3 62.
Kf4 Kf6 63. Re3 Ra4+ 64. Kg3 Ra1 65. Rc2 Rg1+ 66. Rg2 Ra1 67. f4 Bd5 68. Rd2 Rg1+ 69. Kh4 Rh1+ 70. Rh3 Rf1 71. Rxd5 Rxf4 72. Re3 Ra4 73.
Rf5+ Kg6 74. Ref3 Ra7 75. Rf6+ Kg7 76. Rxf7+ Rxf7 77. Rxf7+ Kxf7 78. Kh5 Kg7 79. Kg5 Kh7 80. Kf6 Kg8 81. Kg6 Kh8 82. Kf7 Kh7 83. g5 Kh8 84. Kg6 Kg8 85. Kh6 Kh8 86. g6 Kg8 87. g7 1-0

[Event "*** Titled Tuesday Blitz"]
[Site "Chess.com"]
[Date "2020.05.26"]
[Round "9"]
[White "Antelacus"]
[Black "pedro_nascimento85"]
[Result "1-0"]
[WhiteElo "2226"]
[BlackElo "1878"]
[TimeControl "180+1"]
[EndTime "11:54:10 PDT"]
[Termination "Antelacus won by resignation"]

1. d4 d5 2. c4 e6 3. Nc3 Be7 4. Nf3 Nf6 5. Bg5 h6 6. Bh4 O-O 7. e3 b6 8. Qc2 Bb7 9. cxd5 Nxd5 10. Bxe7 Qxe7 11. Nxd5 Bxd5 12. Bd3 Nd7 13. e4 Bb7 14. O-O c5 15. Rfd1 cxd4 16. Nxd4 Rac8 17. Qe2 Nc5 18. Bc2 Rfd8 19. Nb3 Na4 20. Bd3 Nc5 21. Nxc5 Qxc5 22.
h3 Rd7 23. Bb5 Rxd1+ 24. Rxd1 Qc2 25. Rd8+ Kh7 26. Rxc8 Qxe2 27. Bxe2 Bxc8 28. f3 f6 29. Kf2 e5 30. Ke3 Be6 31. a3 Kg8 32. Kd3 Kf8 33. Kc3 Ke7 34. Kb4 Kd6 35. Kb5 Kc7 36. Ka6 Kb8 37.
Bd3 Bc8+ 38. Kb5 Kc7 39. b4 a6+ 40. Kc4 Kd6 41. Kc3 Kc6 42. Bc4 a5 43. Bf7 Bd7 44.
Bd5+ Kc7 45. Kc4 axb4 46. axb4 Ba4 47. g3 Bd1 48. f4 Bf3 49. h4 exf4 50. gxf4 Be2+ 51.
Kd4 Bd1 52. e5 fxe5+ 53. fxe5 g5 54. hxg5 hxg5 55. Ke3 g4 56. Kf4 Kd8 57. Be6 Ke7 58.
Bxg4 Bb3 59. Ke4 Bf7 60. Kd4 Be8 61. Kc4 Bc6 62. Bf5 Kf7 63. Kd4 Ke7 64. Ke3 Kf7 65. Kd4 Ke7 66. Kd3 Kf7 67. Ke3 Ke7 68. Be4 Bb5 69.
Kd4 Ke6 70. Bd5+ Ke7 71. Bc4 Bc6 72. Bb3 Bd7 73. Bc2 Bc6 74. Bf5 Bb5 75. Kd5 Ba4 76.
Bg4 Bb5 77. Bh5 Be8 78. Bxe8 Kxe8 79. Kc6 Ke7 80. Kxb6 Ke6 81. b5 Kxe5 82. Kc6 Ke6 83. b6 1-0

[Event "*** Titled Tuesday Blitz"]
[Site "Chess.com"]
[Date "2020.05.26"]
[Round "9"]
[White "Chess_Boxer123"]
[Black "wild_cat99"]
[Result "0-1"]
[WhiteElo "2689"]
[BlackElo "2573"]
[TimeControl "180+1"]
[EndTime "11:54:18 PDT"]
[Termination "wild_cat99 won by resignation"]

1. d4 Nf6 2. c4 g6 3. f3 d5 4.
cxd5 Nxd5 5. e4 Nb6 6. Nc3 Bg7 7.
Be3 O-O 8. Qd2 Nc6 9. O-O-O Na5 10. b3 Nc6 11. e5 a5 12. a4 Nb4 13. f4 Be6 14.
Kb2 N6d5 15. Nf3 Qd7 16. h3 b6 17. g4 Nxc3 18. Qxc3 c5 19. Bc4 cxd4 20. Rxd4 Qb7 21. Rf1 Bxc4 22. Qxc4 Rac8 23. Qb5 Rc2+ 24. Kb1 Rfc8 25.
Bd2 Nc6 26. Rd3 Qc7 27. Kxc2 Nd4+ 28. Kb1 Qc2+ 29. Ka1 Nxb5 30. Rc1 Qxd3 31. Rxc8+ Bf8 32. f5 Qf1+ 33. Kb2 Qxf3 34. Bh6 Qe2+ 35. Ka1 Qxe5+ 36. Kb1 Qe4+ 37. Kb2 Qd4+ 38. Kb1 Qd1+ 39. Kb2 Qd4+ 40. Kc1 Qc5+ 41. Rxc5 bxc5 42. Bxf8 Kxf8 43. axb5 Ke8 44. Kc2 gxf5 45. gxf5 Kd7 46. Kc3 Kc7 47. Kd3 Kb6 48. Kc4 e6 49. f6 h5 50. h4 e5 51. Kd5 Kxb5 52. Kxe5 Kb4 53. Kd6 Kxb3 54. Ke7 a4 55. Kxf7 a3 56. Kg6 a2 57. f7 a1=Q 58. f8=Q Qb1+ 59.
Kxh5 Qd1+ 60. Kg5 Qd5+ 61. Kg6 Qg2+ 62. Kh5 Qe2+ 63. Kh6 Qe6+ 64. Kg5 c4 65. h5 Qe5+ 66. Kg6 Qg3+ 67. Kh7 c3 68. h6 Qd3+ 69. Kg8 c2 70.
Qb8+ Ka2 71. Qa7+ Kb3 72. Qb6+ Ka3 73. Qa5+ Kb3 74. Qb6+ Ka3 75. Qa7+ Kb3 76. Qb7+ Ka3 77. Qa8+ Kb3 78. Qb8+ Ka3 79. Qf8+ Kb3 80. Qf7+ Ka3 81. h7 c1=Q 82. h8=Q Qc8+ 83. Kg7 Qcc3+ 84. Qf6 Qxf6+ 85.
Kxf6 Qc3+ 86. Kf7 Qxh8 0-1

[Event "*** Titled Tuesday Blitz"]
[Site "Chess.com"]
[Date "2020.05.26"]
[Round "9"]
[White "AnishGiri"]
[Black "CarlosAlbornoz"]
[Result "1-0"]
[WhiteElo "2963"]
[BlackElo "2725"]
[TimeControl "180+1"]
[EndTime "11:55:01 PDT"]
[Termination "AnishGiri won by checkmate"]

1. d4 Nf6 2. c4 g6 3. Nc3 Bg7 4. e4 d6 5. Be2 O-O 6. h4 c5 7.
d5 e6 8. h5 exd5 9. exd5 Re8 10. h6 Bh8 11. Kf1 a6 12. a4 Ne4 13. Nxe4 Rxe4 14.
Qc2 Re8 15. Nf3 Nd7 16. Bg5 Qb6 17. a5 Qxb2 18. Qxb2 Bxb2 19. Rb1 Bc3 20. Bd2 Bxd2 21. Nxd2 b6 22. axb6 Rb8 23. Rh3 Rxb6 24. Rxb6 Nxb6 25.
Rb3 Nd7 26. f4 f6 27. g4 g5 28. Bd3 Kf7 29. Bxh7 Rh8 30. Bf5 Rxh6 31. Ne4 Ke7 32. fxg5 fxg5 33. Nxg5 Rh8 34. Nf3 a5 35. Re3+ Kd8 36. Ng5 Kc7 37. Ne6+ Kb7 38. Rb3+ Ka7 39. Rb5 Ba6 40. Rxa5 Kb6 41. Ra4 Ne5 42. Kf2 Bxc4 43. Nf4 Bb5 44. Ra1 c4 45. Ke3 Kc5 46. Ne6+ Kb4 47. Rb1+ Ka5 48. Nd4 Rh3+ 49. Kf4 Ba4 50. Rb8 c3 51. Rd8 Nd3+ 52. Kg5 c2 53. Nxc2 Bxc2 54. Rxd6 Kb5 55. Rd8 Bb3 56.
Rb8+ Kc4 57. d6 Ba4 58. Ra8 Bb5 59. Ra3 Nf2 60. Rxh3 Nxh3+ 61. Kf6 Kc5 62. Ke7 Ng5 63. Bd7 Bc4 64. Bc8 Bb5 65. Bd7 Bc4 66. Bf5 Bb5 67.
d7 Bxd7 68. Bxd7 Kd4 69. Kf6 Nf3 70. Bc6 Ne5 71. g5 Nxc6 72. g6 Ne5 73. g7 Ng4+ 74.
Kg5 Ne5 75. g8=Q Nc4 76. Qg7+ Kc5 77. Kf4 Nd6 78. Qe5+ Kc6 79. Qe6 Kc5 80. Qb3 Nc4 81.
Qd3 Nd6 82. Ke5 Nc4+ 83. Ke6 Kb4 84. Kd5 Na3 85. Qe3 Ka4 86. Qc3 Nb5 87. Qc4+ Ka5 88.
Kc5 Na7 89. Qb4+ Ka6 90. Qb6# 1-0

[Event "*** Titled Tuesday Blitz"]
[Site "Chess.com"]
[Date "2020.05.26"]
[Round "9"]
[White "BocharovD"]
[Black "mishanick"]
[Result "1-0"]
[WhiteElo "2843"]
[BlackElo "2950"]
[TimeControl "180+1"]
[EndTime "11:55:20 PDT"]
[Termination "BocharovD won by resignation"]

1. c4 e6 2. Nf3 d5 3. e3 Nf6 4.
b3 dxc4 5. bxc4 c5 6. Bb2 b6 7. Nc3 Bb7 8. Be2 Be7 9. O-O O-O 10. d3 Nc6 11. Qc2 Nd7 12. Rfd1 Rc8 13. Rac1 Re8 14. Qb1 Bf6 15. d4 cxd4 16. exd4 Na5 17. Ne4 Bxe4 18.
Qxe4 Qc7 19. h4 Red8 20. Bd3 Nf8 21. Ng5 g6 22. c5 bxc5 23. Rxc5 Qb7 24. Rxc8 Rxc8 25.
Qe2 Qd5 26. Ne4 Bxh4 27. Nc3 Qd7 28. d5 Bf6 29. Bb5 Qc7 30. d6 Qb6 31. d7 Nxd7 32. Ne4 Bxb2 33. Qxb2 Nc4 34. Qc3 Nde5 35. a4 Qb8 36.
Nf6+ Kf8 37. Bxc4 Rxc4 38. Qxe5 Qxe5 39. Nd7+ Kg7 40. Nxe5 Rxa4 41. Rd7 Rf4 42. Rxa7 Rf5 43. Nf3 h5 44. Kf1 g5 45. Ke2 g4 46. Nd4 Re5+ 47. Kd3 Kf6 48. Ra1 Rd5 49. Ke3 Re5+ 50. Kf4 Rc5 51.
Ne2 Re5 52. Ng3 Rb5 53. Ra8 Rb4+ 54. Ke3 h4 55. Ne4+ Kf5 56. Ra5+ e5 57. Nd2 f6 58.
Ra8 Rb6 59. Rh8 Rc6 60. Rxh4 Rc3+ 61. Ke2 Ra3 62. Rh6 g3 63. Rh3 Kg4 64. f3+ Kf4 65.
Rh4+ Kf5 66. Rg4 Ra2 67. Rxg3 Ke6 68. Rg4 f5 69. Rc4 Rb2 70. g3 Kd5 71. Rc3 Ra2 72. Rd3+ Ke6 73. Ke3 Ra1 74. f4 Re1+ 75. Kf2 Rd1 76.
Ke2 Rh1 77. Nf3 e4 78. Ng5+ Ke7 79. Rd5 Kf6 80. Rd6+ Kg7 81. Re6 Rg1 82. Kf2 Ra1 83.
Rb6 Ra2+ 84. Kg1 Ra1+ 85. Kg2 Ra2+ 86. Kh3 Ra1 87. Re6 Rh1+ 88. Kg2 Ra1 89. Re5 Ra2+ 90. Kh3 Kg6 91. g4 fxg4+ 92. Kxg4 Rg2+ 93. Kh4 Rg1 94. Nxe4 Rh1+ 95. Kg4 Rg1+ 96. Ng3 Ra1 97. Re6+ Kf7 98.
f5 Ra3 99. Ne4 Ra1 100. Ng5+ Kg7 101. f6+ Kf8 102. Kf5 Ra7 103. Kg6 Ra8 104. Nh7+ Kg8 105. f7+ 1-0

[Event "*** Titled Tuesday Blitz"]
[Site "Chess.com"]
[Date "2020.05.26"]
[Round "10"]
[White "DinaBelenkaya"]
[Black "WinstonSilvakov"]
[Result "1-0"]
[WhiteElo "2257"]
[BlackElo "2102"]
[TimeControl "180+1"]
[EndTime "11:57:36 PDT"]
[Termination "DinaBelenkaya won by resignation"]

1. e4 Nf6 2. e5 Nd5 3. d4 d6 4. c4 Nb6 5. exd6 cxd6 6. Nc3 g6 7. Be3 Bg7 8. Rc1 O-O 9. b3 e5 10.
dxe5 dxe5 11. Qxd8 Rxd8 12. c5 Nd5 13. Rd1 Be6 14. Bc4 Nxc3 15. Rxd8+ 1-0

[Event "*** Titled Tuesday Blitz"]
[Site "Chess.com"]
[Date "2020.05.26"]
[Round "10"]
[White "krasavetc"]
[Black "AungTZ"]
[Result "0-1"]
[WhiteElo "2236"]
[BlackElo "2025"]
[TimeControl "180+1"]
[EndTime "11:57:36 PDT"]
[Termination "AungTZ won by resignation"]

1. e4 c5 2. c3 Nf6 3. e5 Nd5 4. Nf3 Nc6 5. d4 cxd4 6. cxd4 d6 7. Bb5 Qa5+ 8. Nc3 Nxc3 9. Bxc6+ bxc6 10. Qd2 dxe5 11.
dxe5 e6 12. bxc3 Ba6 13. c4 Bb4 0-1

[Event "*** Titled Tuesday Blitz"]
[Site "Chess.com"]
[Date "2020.05.26"]
[Round "10"]
[White "Swarajan"]
[Black "woodhy"]
[Result "0-1"]
[WhiteElo "2179"]
[BlackElo "2423"]
[TimeControl "180+1"]
[EndTime "11:57:42 PDT"]
[Termination "woodhy won by resignation"]

1. d4 Nf6 2. c4 e6 3. Nf3 b6 4. g3 Bb7 5. Bg2 Be7 6. O-O O-O 7. Nc3 Ne4 8. Qc2 f5 9. Nd2 Nxc3 10. Bxb7 Nxe2+ 11. Kh1 Nxd4 12. Qd3 Nbc6 13. Bxa8 Qxa8 14. f3 Bf6 15. Nb3 Nb4 16. Nxd4 Nxd3 0-1

[Event "*** Titled Tuesday Blitz"]
[Site "Chess.com"]
[Date "2020.05.26"]
[Round "10"]
[White "JosefineHeinemann"]
[Black "okriak"]
[Result "0-1"]
[WhiteElo "2523"]
[BlackElo "2717"]
[TimeControl "180+1"]
[EndTime "11:57:46 PDT"]
[Termination "okriak won by resignation"]

1. e4 e6 2. d4 d5 3. Nd2 Be7 4. Bd3 c5 5. dxc5 Nf6 6. Ngf3 dxe4 7. Nxe4 Nxe4 8. Bxe4 Qxd1+ 9. Kxd1 Bxc5 10. Ke2 Nd7 11. Bg5 h6 12. Bh4 g5 13. Nxg5 hxg5 14. Bxg5 f5 15. Bd3 Ne5 16. Bf6 Nxd3 17. Bxh8 Nxf2 18. Rhf1 Ne4 19. Be5 Bd7 20. Rad1 Bb5+ 21. Kf3 Bxf1 22.
Rxf1 Nd2+ 0-1

[Event "*** Titled Tuesday Blitz"]
[Site "Chess.com"]
[Date "2020.05.26"]
[Round "10"]
[White "ZarinaShafigullina"]
[Black "Jungle_Jaguar"]
[Result "0-1"]
[WhiteElo "2338"]
[BlackElo "2560"]
[TimeControl "180+1"]
[EndTime "11:57:59 PDT"]
[Termination "Jungle_Jaguar won by resignation"]

1. d4 Nf6 2. Nf3 e6 3. g3 d5 4. Bg2 Be7 5. O-O O-O 6. c4 dxc4 7. Ne5 Nc6 8. Nxc6 bxc6 9. Na3 Bxa3 10. bxa3 Rb8 11. Qa4 Qxd4 12. Be3 Qg4 13. Bxa7 Ra8 14. Bxc6 Bd7 15. Bxd7 Nxd7 16. Qxd7 Rxa7 17. Qxc7 Rxc7 0-1

[Event "*** Titled Tuesday Blitz"]
[Site "Chess.com"]
[Date "2020.05.26"]
[Round "10"]
[White "The_Machine04"]
[Black "Lovinski"]
[Result "0-1"]
[WhiteElo "2284"]
[BlackElo "2405"]
[TimeControl "180+1"]
[EndTime "11:58:14 PDT"]
[Termination "Lovinski won by resignation"]

1. d4 d5 2. Bf4 e6 3. e3 Nf6 4. Bd3 Bd6 5. Bg3 b6 6. Nd2 O-O 7. Ngf3 Ba6 8. Ne5 c5 9. Bxa6 Nxa6 10. c3 Qc7 11. f4 Nb8 12. Qf3 Nc6 13. Bh4 Be7 14.
Bxf6 Bxf6 15. h4 Bxe5 16. fxe5 f6 17. exf6 Rxf6 18. Qh3 e5 19. dxe5 Nxe5 20. O-O-O Nd3+ 21. Kb1 Nf2 22. Qh2 Qxh2 0-1